 Dungeon Crawl Stone Soup version 0.31.0-9-g3a7656b989 (webtiles) character file.

Game seed: 13544818381519866299

305 qw the Skirmisher (level 6, 0/35 HPs)
             Began as a Deep Elf Hunter on Feb 2, 2024.
             Slain by an ufetubus (3 damage)
             ... on level 4 of the Dungeon.
             The game lasted 00:00:09 (2589 turns).

qw the Skirmisher (Deep Elf Hunter)                 Turns: 2589, Time: 00:00:09

Health: 0/35       AC: 10    Str:  8 (10) XL:     6   Next: 16%
Magic:  8/8        EV:  8    Int: 11 (14) God:
Gold:   4          SH:  0    Dex: 15 (18) Spells: 5/5 levels left

rFire   . . .        a - +1 shortbow
rCold   . . .        (shield currently unavailable)
rNeg    . . .        d - +4 scale mail
rPois   .            (no helmet)
rElec   .            (no cloak)
rCorr   .            (no gloves)
SInv    .            (no boots)
Will    .....        (no amulet) Stlth
                     (no ring)
HPRegen 0.25/turn    (no ring)
MPRegen 0.11/turn

%: no passive effects
@: about to teleport
A: no striking features
a: no special abilities


You were on level 4 of the Dungeon.
You visited 1 branch of the dungeon, and saw 4 of its levels.

You collected 94 gold pieces.
You spent 90 gold pieces at shops.


   Skills:
 - Level 2.2 Fighting
 + Level 9.2 Ranged Weapons
 - Level 1.0 Armour
 - Level 2.4 Dodging
 - Level 1.2 Stealth


You had 5 spell levels left.
You didn't know any spells.
Your spell library was empty.

Inventory:

Hand Weapons
 a - a +1 shortbow (weapon)
Armour
 d - a +4 scale mail (worn)
Scrolls
 j - 2 scrolls of teleportation
Potions
 c - a potion of heal wounds
 g - a potion of resistance
 h - a potion of might

Dungeon Overview and Level Annotations

Branches:
Dungeon (4/15)
 Temple: D:4-7

Altars:

Shops:
D:3 ?

Annotations:
D:4 Edmund


Message History

You climb downwards.
The shadow imp shouts, "Escape, thou foppish dismal-dreaming beggar!"
The shadow imp shouts, "Fly, thou fragile ruttish flap-bat!"
The ufetubus shouts!
Edmund shouts!
The adder hisses angrily.
Found 3 stones.
Found a stone staircase leading down.
There is a stone staircase leading up here.
There are monsters nearby!
Waypoint 3 assigned to D:4.
2581 ||| RETREEEEATING.
2582 ||| RETREEEEATING.
The adder bites you but does no damage.
2583 ||| RETREEEEATING.
2584 ||| RETREEEEATING.
The adder bites you but does no damage.
You shoot an arrow. The arrow misses the adder.
The adder bites you but does no damage. Edmund barely misses you.
The adder bites you but does no damage.
You shoot an arrow.
The arrow hits Edmund but does no damage.
The ufetubus barely misses you.
The ufetubus hits you but does no damage.
The adder closely misses you.
Edmund hits you with a +1 heavy dire flail!
You shoot an arrow.
The arrow hits Edmund but does no damage.
The ufetubus closely misses you. The ufetubus hits you.
The adder barely misses you. The ufetubus closely misses you.
The ufetubus hits you but does no damage.
The adder bites you but does no damage.
You shoot an arrow. The arrow hits Edmund.
Edmund is lightly wounded.
The ufetubus hits you but does no damage. x2
Edmund hits you with a +1 heavy dire flail!
The adder barely misses you. The ufetubus hits you.
The ufetubus barely misses you.
The shadow imp shouts, "Flee, thou prissy moldwarp gonus!"
2589 ||| READING 3 scrolls of teleportation.
As you read the scroll of teleportation, it crumbles to dust.
You feel strangely unstable. The ufetubus barely misses you.
The ufetubus hits you.
You die...

#...# ....#
#...###....#.
#(>..........
#............
#............
#....<.......
#.55.........
#S5..........
#@@..........
#############


You could see Edmund, an adder, 2 shadow imps and an ufetubus.

Vanquished Creatures
  Sigmund (D:2)
  An orc priest (D:3)
  2 gnolls (D:3)
  3 adders
  A ribbon worm (D:2)
  3 dart slugs
  5 orcs (D:3)
  2 bats
  4 endoplasms (D:1)
  2 giant cockroaches (D:1)
  6 goblins (D:1)
  5 jackals
  4 ball pythons
  5 frilled lizards
  2 kobolds
  5 rats
51 creatures vanquished.

Notes
Turn   | Place    | Note
-------+----------+-------------------------------------------
     0 | D:1      | qw the Deep Elf Hunter began the quest for the Orb.
     0 | D:1      | Reached XP level 1. HP: 12/12 MP: 3/3
     0 | D:1      | 0 ||| qw: Version: 0.3-a-155-g5e7d8dd
     0 | D:1      | 0 ||| qw: Game counter: 106
     0 | D:1      | 0 ||| qw: Melee chars always use a shield: true
     0 | D:1      | 0 ||| qw: God list: Okawaru
     0 | D:1      | 0 ||| qw: Allow faded altars: false
     0 | D:1      | 0 ||| qw: Do Orc after clearing Dungeon:15 true
     0 | D:1      | 0 ||| qw: Do second Lair branch before Depths: true
     0 | D:1      | 0 ||| qw: Lair rune preference: random
     0 | D:1      | 0 ||| qw: Goals: Normal
     0 | D:1      | 0 ||| PLANNING D:1-11
   178 | D:1      | Reached skill level 6 in Ranged Weapons
   178 | D:1      | Reached XP level 2. HP: 10/16 MP: 4/4
   862 | D:1      | 862 ||| UPGRADING to +4 scale mail.
   872 | D:1      | 872 ||| DROPPING +0 leather armour.
   873 | D:1      | 873 ||| DROPPING scroll of butterflies.
   928 | D:2      | Reached XP level 3. HP: 20/20 MP: 5/5
  1113 | D:2      | Noticed Sigmund
  1120 | D:2      | Killed Sigmund
  1121 | D:2      | Reached skill level 9 in Ranged Weapons
  1121 | D:2      | Reached XP level 4. HP: 20/25 MP: 6/6
  1121 | D:2      | Reached XP level 5. HP: 23/29 MP: 7/7
  1572 | D:2      | 1572 ||| READING 2 scrolls labelled BAENNUWKAFF.
  1572 | D:2      | 1572 ||| IDENTIFYING 2 dark potions
  1594 | D:3      | Found a faded altar of an unknown god.
  1931 | D:3      | Reached XP level 6. HP: 35/35 MP: 8/8
  2188 | D:3      | Found Lojy's Magic Scroll Emporium.
  2191 | D:3      | 2191 ||| BUYING 3 scrolls of teleportation (90 gold).
  2191 | D:3      | Bought 3 scrolls of teleportation for 90 gold pieces
  2191 | D:3      | 2191 ||| SHOPLISTING scroll of brand weapon (95 gold, have
                  | 4).
  2191 | D:3      | 2191 ||| SHOPLISTING scroll of enchant armour (75 gold,
                  | have 4).
  2191 | D:3      | 2191 ||| SHOPLISTING scroll of teleportation (30 gold, have
                  | 4).
  2302 | D:3      | Reached skill level 1 in Armour
  2307 | D:3      | HP: 8/35 [gnoll/+0 flail (7)]
  2308 | D:3      | 2308 ||| READING 4 scrolls of teleportation.
  2309 | D:3      | 2309 ||| DRINKING 2 potions of heal wounds.
  2471 | D:3      | 2471 ||| DROPPING +6 ring of intelligence.
  2472 | D:3      | 2472 ||| READING 2 scrolls of identify.
  2472 | D:3      | 2472 ||| IDENTIFYING golden potion
  2473 | D:3      | 2473 ||| READING scroll of identify.
  2473 | D:3      | 2473 ||| IDENTIFYING bubbling orange potion
  2474 | D:3      | 2474 ||| READING scroll labelled CARU TUPIHANIU.
  2475 | D:3      | 2475 ||| READING scroll labelled VUUHUE KEJISIN.
  2475 | D:3      | 2475 ||| ENCHANTING +0 shortbow.
  2476 | D:3      | 2476 ||| READING scroll labelled PANWUF SYUN.
  2537 | D:3      | 2537 ||| DRINKING 2 coppery potions.
  2538 | D:3      | 2538 ||| DROPPING potion of degeneration.
  2580 | D:4      | Noticed Edmund
  2581 | D:4      | 2581 ||| RETREEEEATING.
  2582 | D:4      | 2582 ||| RETREEEEATING.
  2583 | D:4      | 2583 ||| RETREEEEATING.
  2584 | D:4      | 2584 ||| RETREEEEATING.
  2588 | D:4      | HP: 7/35 [Edmund/+1 heavy dire flail (10)]
  2588 | D:4      | HP: 3/35 [ufetubus (4)]
  2589 | D:4      | 2589 ||| READING 3 scrolls of teleportation.
  2589 | D:4      | Slain by an ufetubus

Levels and vault maps discovered:
D:1:      roadster_arrival_rocket_large, layout_basic
D:2:      layout_loops_ring, uniq_sigmund
D:3:      layout_loops_cross, shapermc_ecumenical_altar_starsandcircs,
          serial_shops, nicolae_shop_rolled_up
D:4:      wander_river, layout_gridville, kennysheep_little_box, serial_demonic,
          serial_demonic_c, serial_demonic_g, serial_demonic_b,
          serial_demonic_b, uniq_menkaure, uniq_eustachio, uniq_edmund

Skill      XL: |  1  2  3  4  5  6 |
---------------+-------------------+-----
Ranged Weapons | 6 9 |  9.2
Fighting       | 2 |  2.2
Armour         | 1 |  1.0
Dodging        | |  2.4
Stealth        | |  1.2

Action                     |  1- 3 |  4- 6 || total
---------------------------+-------+-------++-------
   Fire: Shortbow          |    70 |   105 ||   175
    Use: Scroll            |       |     8 ||     8
         Potion            |       |     2 ||     2
 Armour: Leather armour    |     4 |       ||     4
         Scale mail        |    11 |    65 ||    76
  Dodge: Dodged            |     4 |    40 ||    44

Table legend:
 A = Non-vault XP
 B = Vault XP
 C = Vault XP percentage of total XP
 D = Non-vault monster count
 E = Vault monster count
 F = Vault count percentage of total count
                 A         B        C        D         E       F
            +---------+---------+-------+---------+---------+-------
      Total |     194 |     243 |  55.6 |      50 |       1 |   2.0
            +---------+---------+-------+---------+---------+-------
        D:1 |      38 |       0 |   0.0 |      21 |       0 |   0.0
        D:2 |      36 |     243 |  87.1 |      12 |       1 |   7.7
        D:3 |     120 |       0 |   0.0 |      17 |       0 |   0.0
            +---------+---------+-------+---------+---------+-------
